AoeStats
← HairyRalph

Arena

509681732Analyzed
1v1 RM · 6d ago on Sep 27, 2026· 43m 59s· 2 players
Game mode
Random Map
Map size
Tiny (2 player)
Population
200
Speed
Normal
Resources
Standard
Victory
Conquest
Starting age
Dark Age
Ending age
Imperial Age
RankedLock teamsTeams togetherTeam positionsShared explorationLock speedFull tech treeHidden civsTurbo modeCheats
Victory
Defeat
🇲🇽 Bohemians · Mexico
320
+18
🇺🇸 Bohemians · United States
364
-18
TORRESX15
0:46 Loom
11:37 Feudal Age
13:41 Wheelbarrow
12:52 Town Watch
13:34 Horse Collar
13:42 Double-Bit Axe
20:03 Castle Age
21:11 Hand Cart
20:57 Town Patrol
22:31 Fervor
23:22 Heavy Plow
23:43 Bow Saw
27:19 Ballistics
28:00 Chemistry
31:22 Imperial Age
28:57 Padded Archer Armor
35:28 Two-Man Saw
34:17 Elite Hussite Wagon
35:03 Wagenburg Tactics
35:19 Conscription
35:54 Masonry
35:50 Siege Engineers
36:04 Leather Archer Armor
37:26 Murder Holes
37:42 Fortified Wall
37:22 Guard Tower
38:03 Architecture
37:55 Bombard Tower
37:29 Fletching
37:46 Pikeman
38:27 Squires
38:12 Arson
37:48 Man-at-Arms
39:41 Forging
39:31 Scale Mail Armor
39:37 Scale Barding Armor
39:28 Bodkin Arrow
40:16 Husbandry
39:36 Light Cavalry
39:58 Cavalier
41:11 Heavy Scorpion
42:56 Keep
42:27 Siphons
42:47 Houfnice
43:56 Chain Mail Armor
HairyRalph
5:38 Loom
12:59 Feudal Age
14:19 Wheelbarrow
13:33 Double-Bit Axe
13:38 Man-at-Arms
17:20 Forging
17:59 Scale Mail Armor
17:57 Horse Collar
22:18 Castle Age
24:21 Hand Cart
24:22 Bow Saw
28:09 Long Swordsman
29:29 Iron Casting
29:11 Chain Mail Armor
28:50 Fletching
41:01 Imperial Age
Connection lost

Rejoining the realm…

Still unreachable

The connection could not be restored.

Session expired

The server has moved on; the page needs a fresh start.